 Dungeon Crawl Stone Soup version 0.26-a0-1191-ge2a0e31ab3 (webtiles) character file.

Game seed: 10560741722213389141

41 tsouns the Sneak (level 3, -2/26 HPs)
             Began as an Octopode Delver on Dec 29, 2020.
             Slain by a killer bee (5 damage)
             ... on level 2 of the Dungeon.
             The game lasted 00:02:15 (1173 turns).

tsouns the Sneak (Octopode Delver)                  Turns: 1173, Time: 00:02:15

Health: -2/26      AC:  1    Str: 11    XL:     3   Next: 52%
Magic:  3/3        EV: 13    Int: 11    God:
Gold:   53         SH:  0    Dex: 13    Spells: 2/2 levels left

rFire    + . .     SeeInvis .   a - +0 spear
rCold    + . .     Faith    .   (no shield)
rNeg     . . .     Spirit   .   (helmet restricted)
rPois    .         Reflect  +   n - amulet of reflection
rElec    .         Harm     .   l - ring of protection from fire
rCorr    .         Rampage  .   (no ring)
Will     .....                  (no ring)
Stlth    +++.......             (no ring)
HPRegen  0.08/turn              (no ring)
MPRegen  0.08/turn              (no ring)
                                (no ring)
                                (no ring)

@: confused, lethally poisoned (-2 -> -14)
A: almost no armour, stealthy swim, amphibious, 8 rings, constrict 8, antennae
1, camouflage 1, cold resistance 1, dopey 1, gelatinous body 1
a: no special abilities


You were on level 2 of the Dungeon.
You visited 1 branch of the dungeon, and saw 5 of its levels.

You collected 53 gold pieces.

Inventory:

Hand Weapons
 a - a +0 spear (weapon)
Missiles
 g - a poisoned dart (quivered)
Jewellery
 l - a ring of protection from fire (left tentacle)
 n - an amulet of reflection (around mantle)
Wands
 f - a wand of digging (3)
 i - a wand of polymorph (12)
Scrolls
 b - a scroll of fog
 c - 2 scrolls of magic mapping
 d - a scroll of fear
 h - 3 scrolls of identify {unknown}
 k - a scroll of teleportation {unknown}
 m - a scroll of amnesia {unknown}
 o - a scroll of remove curse {unknown}
Potions
 e - 2 potions of haste


   Skills:
 + Level 3.2 Fighting
 + Level 2.2 Polearms
 + Level 2.1 Dodging
 + Level 7.6 Stealth


You had 2 spell levels left.
You didn't know any spells.
Your spell library was empty.

Dungeon Overview and Level Annotations

Branches:
Dungeon (5/15)
 Temple: D:4-7

Altars:


Innate Abilities, Weirdness & Mutations

You cannot wear most types of armour.
You are very stealthy in the water. (Stealth+)
You are amphibious.
You can wear up to eight rings at the same time.
You can use your tentacles to constrict eight enemies at once.
Your skin changes colour to match your surroundings (Stealth+).
Your rubbery body absorbs attacks. (AC +1, EV +1)
You have a pair of small antennae on your head.
Your flesh is cold resistant. (rC+)
You are dopey. (Int -2)


Message History

The killer bee completely misses you. You block the killer bee's attack.
You closely miss the killer bee. Your grab misses the killer bee.
The killer bee is lightly wounded.
* * * LOW HITPOINT WARNING * * *
You feel sick. You block the killer bee's attack. The killer bee stings you.
* * * LOW HITPOINT WARNING * * *
It was a potion of mutation.
You feel extremely strange.
You feel stupid. A pair of antennae grows on your head!
You feel resistant to cold. The killer bee closely misses you.
The killer bee stings you.
* * * LOW HITPOINT WARNING * * *
It was a potion of ambrosia.
You are confused.
You feel invigorated.
* * * LOW HITPOINT WARNING * * *
You feel sick. The killer bee stings you.
* * * LOW HITPOINT WARNING * * *
You are more poisoned.
The killer bee poisons you! The killer bee stings you.
You die...

#..)...)÷.# #..†.....#
..#.....### ##<...###
#....(..# #.####
..#.(..#########.#
...(.........#...#
............)#..##
.....#....>..#..######
##....#.##.....###...#
#...............@y...#
..#...........####...#
#............## #..?#
.............# #...#
#............# .......
#...........##
...###### # ..........
#g#(# ..... ..... #.#
#.####


You could see a killer bee.

Vanquished Creatures
  2 oozes
  2 dart slugs
  A leopard gecko (D:2)
  An orc (D:4)
  3 bats
  A giant cockroach (D:2)
  4 goblins
  3 hobgoblins (D:1)
  4 frilled lizards
  2 kobolds (D:2)
  2 rats (D:1)
25 creatures vanquished.

Notes
Turn   | Place    | Note
-------+----------+-------------------------------------------
     0 | D:5      | tsouns the Octopode Delver began the quest for the Orb.
     0 | D:5      | Reached XP level 1. HP: 16/16 MP: 1/1
   206 | D:4      | Noticed an ogre
   240 | D:2      | Reached skill level 7 in Stealth
   240 | D:2      | Reached XP level 2. HP: 15/21 MP: 2/2
   397 | D:2      | Noticed a killer bee
   675 | D:1      | Reached XP level 3. HP: 24/26 MP: 3/3
  1161 | D:2      | Noticed a killer bee
  1161 | D:2      | Noticed a killer bee
  1172 | D:2      | Gained mutation: You are dopey. (Int -2) [potion of
                  | mutation]
  1172 | D:2      | Gained mutation: You have a pair of small antennae on your
                  | head. [potion of mutation]
  1172 | D:2      | Gained mutation: Your flesh is cold resistant. (rC+)
                  | [potion of mutation]
  1172 | D:2      | HP: 1/26 [killer bee (3)]
  1173 | D:2      | Slain by a killer bee

Illustrated notes

Levels and vault maps discovered:
D:1:      saegor_arrival_simple_e, layout_loops_cross
D:2:      layout_rooms, grunt_gozag_breadcrumbs, roderic_lattice_a, uniq_robin
D:3:      layout_loops_corners, lemuel_doored_altar
D:4:      minmay_opposing_rooms, layout_loops_corners,
          minmay_temple_entry_crystal_x, minmay_shop_grid_forest,
          chequers_garden
D:5:      layout_cave_pools, nicolae_overflow_crystal_walls,
          overflow_temple_1_default, lightli_sewer_entry_pipes,
          minmay_tree_intersection

Skill      XL: |  1 |
---------------+----+-----
Stealth        | 7 |  7.6
Fighting       | |  3.2
Polearms       | |  2.2
Dodging        | |  2.1

Action                   || total
-------------------------++-------
Melee: Spear             ||    77
       Constrict         ||    13
       Tentacles         ||     7
  Use: Potion            ||     2
 Stab: Sleeping          ||    13
Armor: Skin              ||     9
Dodge: Dodged            ||    35
Block: Other             ||     5

Table legend: (Time is in decaauts)
 A = Elapsed time spent in this place.
 B = Non-inter-level travel time spent in this place.
 C = Inter-level travel time spent in this place.
 D = Time resting spent in this place.
 E = Time spent auto-exploring this place.
 F = Levels seen in this place.
 G = Mean time per level.
                   A        B        C        D        E       F      G
               +--------+--------+--------+--------+--------+-----+--------+
         Total |   1171 |   1146 |     25 |      0 |    892 |   5 |  234.2 |
       Dungeon |   1171 |   1146 |     25 |      0 |    892 |   5 |  234.2 |
               +--------+--------+--------+--------+--------+-----+--------+

Top non-repeatable levels by time:
     D:1: 679 daAuts
     D:2: 268 daAuts
     D:4: 187 daAuts
     D:5: 20 daAuts
     D:3: 15 daAuts
